[Event "*** Titled Tuesday Blitz"]
[Site "Chess.com"]
[Date "2020.11.10"]
[Round "8"]
[White "TorFredrikKaasen"]
[Black "juancruzarias"]
[Result "1-0"]
[WhiteElo "2742"]
[BlackElo "2591"]
[TimeControl "180+1"]
[EndTime "11:32:18 PST"]
[Termination "TorFredrikKaasen won by resignation"]

1. d4 e6 2. c4 Nf6 3. Nf3 Bb4+ 4. Nbd2 b6 5. e3 Bb7 6. a3 Bxd2+ 7. Qxd2 O-O 8. Be2 d6 9. O-O Nbd7 10. b3 Ne4 11.
Qc2 f5 12. Bb2 Ng5 13. Qd1 Ne4 14. d5 e5 15. b4 Ng5 16. Ne1 f4 17. exf4 Rxf4 18.
Nd3 Rf8 19. f4 exf4 20. Nxf4 Ne5 21. Qc2 Qe7 22. Rae1 Rae8 23. h4 Ngf7 24. Ne6 Qxh4 25. Nxf8 Rxf8 26. Bd1 Bc8 27. Re4 Qh6 28. Ref4 Ng6 29.
R4f2 Qe3 30. Re1 Qg3 31. Ref1 Bd7 32. Qc3 Nge5 33. Qxg3 1-0

[Event "*** Titled Tuesday Blitz"]
[Site "Chess.com"]
[Date "2020.11.10"]
[Round "8"]
[White "nochewycandy"]
[Black "AttractiveMustard"]
[Result "1-0"]
[WhiteElo "2537"]
[BlackElo "2396"]
[TimeControl "180+1"]
[EndTime "11:32:19 PST"]
[Termination "nochewycandy won on time"]

1. e4 c6 2. Nc3 d5 3. Nf3 Bg4 4. Be2 e6 5. h3 Bh5 6. d4 Nf6 7. e5 Nfd7 8. Ng5 Bxe2 9. Qxe2 Be7 10. h4 c5 11. dxc5 Nc6 12. Bf4 h6 13. Nf3 Nxc5 14.
O-O-O Qa5 15. Nd4 Rc8 16. Kb1 a6 17. Rh3 Nxd4 18. Rxd4 b5 19. b4 Na4 20. bxa5 Nxc3+ 21. Rxc3 Rxc3 22. Rd3 Rc4 23. Bd2 Rxh4 24. Rc3 O-O 25. a3 Rb8 26. Rh3 Rc4 27. Rg3 Kh7 28. Qd3+ g6 29. Rh3 Bf8 30. Bxh6 Bxh6 31. Qe3 1-0

[Event "*** Titled Tuesday Blitz"]
[Site "Chess.com"]
[Date "2020.11.10"]
[Round "8"]
[White "beto-betun"]
[Black "davigator"]
[Result "0-1"]
[WhiteElo "2191"]
[BlackElo "2364"]
[TimeControl "180+1"]
[EndTime "11:32:20 PST"]
[Termination "davigator won by resignation"]

1. d4 Nf6 2. Nf3 e6 3. g3 b5 4. Bg2 Bb7 5. O-O Be7 6. a4 b4 7. Nbd2 O-O 8. c4 bxc3 9. bxc3 c5 10. Ba3 cxd4 11. Bxe7 Qxe7 12. cxd4 d5 13. Qb3 Ba6 14.
Rfe1 Nc6 15. e3 Rab8 16. Qc2 Rfc8 17. Rec1 Nb4 18. Qb3 Nc6 19. Qc3 Qd8 20. Bf1 Bxf1 21. Kxf1 Na5 22. Qd3 Rxc1+ 23. Rxc1 Qb6 24. Ne5 g6 25. Qc3 Kg7 26. Qc7 Rb7 27. Qxb6 axb6 28. Rb1 Ne8 29. Nd3 Nd6 30. Ke2 Nac4 31. Nxc4 Nxc4 32.
Nc5 Ra7 33. Nd3 Rxa4 34. Kf3 g5 35. h4 h6 36. hxg5 hxg5 37. Kg4 Kg6 38. f4 f5+ 39. Kf3 g4+ 40. Ke2 Ra2+ 41. Kd1 Nxe3+ 0-1

[Event "*** Titled Tuesday Blitz"]
[Site "Chess.com"]
[Date "2020.11.10"]
[Round "8"]
[White "alexrustemov"]
[Black "Gerodot71"]
[Result "1-0"]
[WhiteElo "2712"]
[BlackElo "2482"]
[TimeControl "180+1"]
[EndTime "11:32:21 PST"]
[Termination "alexrustemov won by resignation"]

1. d4 Nf6 2. Nf3 d5 3. c4 e6 4.
Nc3 Bb4 5. Bg5 h6 6. Bxf6 Qxf6 7. Qa4+ Nc6 8. e3 O-O 9. Rc1 dxc4 10. Bxc4 Bd6 11.
O-O e5 12. Ne4 Qg6 13. Nxd6 cxd6 14. dxe5 dxe5 15. Bd5 Bd7 16. Qe4 Qf6 17. Bxc6 Bxc6 18. Qxe5 Qg6 19. Qg3 Qf6 20. Nd4 Bd5 21. a3 Rac8 22. h3 Qb6 23. Qe5 Bc4 24. Rfd1 Rfe8 25. Qf4 Ba6 26. b4 Qg6 27. Rxc8 Rxc8 28. b5 Qh5 29.
Qg4 1-0

[Event "*** Titled Tuesday Blitz"]
[Site "Chess.com"]
[Date "2020.11.10"]
[Round "8"]
[White "Nara_Kh"]
[Black "blitzking1729"]
[Result "0-1"]
[WhiteElo "2374"]
[BlackElo "2548"]
[TimeControl "180+1"]
[EndTime "11:32:21 PST"]
[Termination "blitzking1729 won by resignation"]

1. e4 Nf6 2. e5 Nd5 3. d4 d6 4. Nf3 dxe5 5. Nxe5 g6 6. Be2 Bg7 7. O-O O-O 8. c4 Nf6 9. Nc3 c6 10. Bg5 Nbd7 11. Nd3 Nb6 12. Ne5 Be6 13. Rc1 Nbd7 14. f4 Nxe5 15. fxe5 Nd7 16. d5 cxd5 17. cxd5 Bf5 18.
d6 Qb6+ 19. Kh1 exd6 20. Nd5 Qxb2 21. exd6 Kh8 22. Qa4 Qxe2 23. Rxf5 b5 24. Qf4 gxf5 25. Qxf5 Qe6 26. Qd3 Ne5 27. Qe4 Nc4 28. Qxe6 fxe6 29.
Nc7 Nxd6 30. Nxa8 Rxa8 31. Bf4 Nc4 32. Re1 e5 33. Bg5 a5 34. Re2 b4 35. g3 a4 36. Be7 b3 37. axb3 axb3 38. Kg2 b2 39. Re1 Ra1 0-1

[Event "*** Titled Tuesday Blitz"]
[Site "Chess.com"]
[Date "2020.11.10"]
[Round "8"]
[White "26andrej26"]
[Black "Trickov"]
[Result "1/2-1/2"]
[WhiteElo "2538"]
[BlackElo "2358"]
[TimeControl "180+1"]
[EndTime "11:32:22 PST"]
[Termination "Game drawn by repetition"]

1. e4 c5 2. Nf3 d6 3. d4 Nf6 4. Nc3 cxd4 5. Nxd4 a6 6. Bc4 e6 7. Bb3 b5 8. O-O Bb7 9. f4 Nc6 10. f5 Nxd4 11. Qxd4 e5 12. Qd3 h6 13. Nd5 Bxd5 14.
Bxd5 Nxd5 15. Qxd5 Be7 16. Be3 O-O 17. c3 Rc8 18. a4 Qd7 19. Rfd1 bxa4 20. Qxe5 Rfe8 21.
Qd4 Qb5 22. Qxa4 Qxb2 23. Bd4 Bf6 24. Bxf6 gxf6 25. Qxa6 Qxc3 26. Qxd6 Rxe4 27. Ra3 Qc5+ 28. Qxc5 Rxc5 29. Rf3 Ree5 30. Rdf1 Kh7 31. g3 h5 32.
R1f2 Kh6 33. Kg2 Kg5 34. h4+ Kh6 35. Rf4 Red5 36. R4f3 Re5 37. Rf4 Red5 38. R4f3 Re5 1/2-1/2

[Event "*** Titled Tuesday Blitz"]
[Site "Chess.com"]
[Date "2020.11.10"]
[Round "8"]
[White "Forantes"]
[Black "HouseOfDurin"]
[Result "1-0"]
[WhiteElo "2341"]
[BlackElo "2169"]
[TimeControl "180+1"]
[EndTime "11:32:22 PST"]
[Termination "Forantes won on time"]

1. Nf3 c5 2. g3 Nc6 3. d4 cxd4 4. Nxd4 g6 5. Bg2 Bg7 6. Nb3 Nf6 7. O-O O-O 8. Re1 d5 9. Nc3 e6 10. a4 h6 11. e4 dxe4 12. Nxe4 Nxe4 13. Bxe4 Qxd1 14. Rxd1 Nd4 15. Nxd4 e5 16. Ne2 Bg4 17. f3 Be6 18.
Be3 f5 19. Bd5 Bxd5 20. Rxd5 Rad8 21. Rad1 Rxd5 22. Rxd5 a6 23. Rd7 Rf7 24. Rxf7 Kxf7 25. Nc3 Ke6 26. Kf2 g5 27. Ke2 f4 28. Bf2 Bf8 29. Kd3 fxg3 30. hxg3 h5 31. Ke4 Be7 32. Nd5 Bd8 33. Ne3 h4 34. gxh4 gxh4 35. Bg1 h3 36. Bh2 Bg5 37. Ng4 Bc1 38. b3 Bb2 39. Nxe5 b5 40.
axb5 axb5 41. Nd3 Bf6 42. Nf4+ Kd7 43. Nxh3 Kc6 44. Be5 Be7 45. Bd4 b4 46. Nf4 Kb5 47. Nd3 Bd6 48. f4 Bf8 49. f5 Kc6 50. Ke5 Bg7+ 51.
Ke4 Bf8 52. f6 Kd7 53. Kd5 Ke8 54. Ne5 1-0

[Event "*** Titled Tuesday Blitz"]
[Site "Chess.com"]
[Date "2020.11.10"]
[Round "8"]
[White "vovachesss"]
[Black "Onischuk_V"]
[Result "1-0"]
[WhiteElo "2686"]
[BlackElo "2848"]
[TimeControl "180+1"]
[EndTime "11:32:24 PST"]
[Termination "vovachesss won by checkmate"]

1. e4 e5 2. Nf3 Nc6 3. Nc3 Nf6 4. d4 exd4 5. Nxd4 Bb4 6. Nxc6 bxc6 7. Bd3 d5 8. exd5 cxd5 9. O-O O-O 10. h3 c6 11. Qf3 h6 12. Bf4 Bd6 13. Rfe1 Be6 14. Ne2 c5 15. c3 Re8 16. Rad1 Qb6 17. Bxh6 Qxb2 18. Bg5 Ne4 19. Bxe4 dxe4 20. Qh5 Be5 21. Nf4 Bxc3 22. Rxe4 Bxa2 23. Nd3 Qb5 24. Rh4 f6 25. Qh7+ Kf7 26. Bh6 Rg8 27. Rg4 Bb3 28. Rxg7+ Rxg7 29. Qxg7+ Ke6 30. Nf4+ Kf5 31. Qg4+ Ke5 32. Ng6# 1-0

[Event "*** Titled Tuesday Blitz"]
[Site "Chess.com"]
[Date "2020.11.10"]
[Round "8"]
[White "frederiksvane"]
[Black "chenxiaoyuer"]
[Result "1-0"]
[WhiteElo "2710"]
[BlackElo "2536"]
[TimeControl "180+1"]
[EndTime "11:32:25 PST"]
[Termination "frederiksvane won by resignation"]

1. e4 c5 2. Nf3 d6 3. d4 cxd4 4. Nxd4 Nf6 5. f3 e5 6. Nb3 d5 7. Bg5 Be6 8. Bxf6 gxf6 9. Bb5+ Nc6 10. exd5 Qxd5 11. Qxd5 Bxd5 12. Nc3 Be6 13. Na5 Bd7 14. O-O-O Bb4 15. Nxb7 Rb8 16. Nd6+ Ke7 17. Nd5+ Ke6 18. Ne4 Rhc8 19. Ba4 Nd4 20. Bxd7+ Kxd7 21. Nxb4 Rxb4 22.
c3 Rbc4 23. Kb1 Ke6 24. cxd4 1-0

[Event "*** Titled Tuesday Blitz"]
[Site "Chess.com"]
[Date "2020.11.10"]
[Round "8"]
[White "Barmen_EV"]
[Black "tlomigtlis"]
[Result "1-0"]
[WhiteElo "2436"]
[BlackElo "2587"]
[TimeControl "180+1"]
[EndTime "11:32:25 PST"]
[Termination "Barmen_EV won by resignation"]

1. d4 d5 2. c4 c6 3. Nc3 Nf6 4. Nf3 e6 5. e3 a6 6. Qc2 c5 7. cxd5 exd5 8. Bd3 Nc6 9. a3 Bg4 10. Ne5 Be6 11. O-O Bd6 12. Nxc6 bxc6 13. dxc5 Bxc5 14.
Na4 Be7 15. Qxc6+ Bd7 16. Qc2 O-O 17. Bd2 Bd6 18. h3 h6 19. Nc5 Rc8 20. b4 Bb5 21. Bxb5 axb5 22. Qd3 Qe8 23. Bc3 Be5 24. Bxe5 Qxe5 25. Qxb5 Rfd8 26. Rad1 g6 27. Rd4 Ne4 28.
Nxe4 Re8 29. Qxd5 Qxd5 30. Nf6+ Kg7 31. Nxd5 Red8 32. Rfd1 Ra8 33. R1d3 Rd6 34. b5 Rc6 35. bxc6 1-0

[Event "*** Titled Tuesday Blitz"]
[Site "Chess.com"]
[Date "2020.11.10"]
[Round "8"]
[White "ViktoriyaTarasova"]
[Black "annacramling"]
[Result "1-0"]
[WhiteElo "2259"]
[BlackElo "2028"]
[TimeControl "180+1"]
[EndTime "11:32:25 PST"]
[Termination "ViktoriyaTarasova won on time"]

1. d4 Nf6 2. c4 e6 3. Nc3 Bb4 4. Nf3 b6 5. e3 Bb7 6. Bd3 O-O 7. O-O d5 8. cxd5 exd5 9. Ne5 Bd6 10. f4 c5 11. Qf3 Nbd7 12. Qh3 h6 13. g4 cxd4 14.
exd4 Bc8 15. Qg3 Bb4 16. g5 hxg5 17. fxg5 Nh5 18. Qh4 Nxe5 19. dxe5 g6 20. Qxb4 Bh3 21. Rf2 d4 22. Ne4 Rc8 23. Ng3 Nxg3 24. hxg3 Rxc1+ 25. Rxc1 Qxg5 26. Kh2 Qxc1 27. Kxh3 Qd1 28. Qd2 Qh5+ 29.
Kg2 Kg7 30. Qf4 1-0

[Event "*** Titled Tuesday Blitz"]
[Site "Chess.com"]
[Date "2020.11.10"]
[Round "8"]
[White "ambaixador"]
[Black "DenisQ"]
[Result "0-1"]
[WhiteElo "2467"]
[BlackElo "2641"]
[TimeControl "180+1"]
[EndTime "11:32:26 PST"]
[Termination "DenisQ won by resignation"]

1. Nf3 Nf6 2. c4 c6 3. g3 d5 4. Bg2 Bf5 5. Qb3 Qb6 6. O-O e6 7. d3 Nbd7 8. cxd5 Qxb3 9. axb3 exd5 10. Nd4 Bg6 11. Nc3 Bc5 12. Be3 Ng4 13. Na4 Nxe3 14. fxe3 Bd6 15. Kf2 O-O 16. h3 Rfe8 17. g4 a6 18. Nc3 Re5 19. Nf3 Re7 20. Nh4 Rae8 21. Nxg6 hxg6 22. e4 d4 23. Nb1 Bb4 24. Na3 g5 25.
Nc2 Bc5 26. Ra4 Ne5 27. Rc1 Ba7 28. Kf1 Rd8 29. Na3 Re6 30. Nc2 Rf6+ 31. Ke1 Ng6 32. Bf3 Nf4 33. Ra5 Nxd3+ 34. exd3 Rxf3 35. Rxg5 Rxd3 36. h4 Rxb3 37. h5 d3 38. Na1 d2+ 0-1

[Event "*** Titled Tuesday Blitz"]
[Site "Chess.com"]
[Date "2020.11.10"]
[Round "8"]
[White "grunbergmihai"]
[Black "Fy_Rakotomaharo"]
[Result "1-0"]
[WhiteElo "2479"]
[BlackElo "2620"]
[TimeControl "180+1"]
[EndTime "11:32:26 PST"]
[Termination "grunbergmihai won by resignation"]

1. Nf3 g6 2. d4 Bg7 3. g3 d6 4.
Bg2 f5 5. O-O Nf6 6. c4 O-O 7.
Nc3 c6 8. d5 e5 9. dxe6 Bxe6 10.
b3 h6 11. Ba3 c5 12. Nh4 Nc6 13. Nxg6 Re8 14. Nf4 Bf7 15. Rc1 Ne4 16. Bb2 Qa5 17.
Nxe4 Bxb2 18. Nxd6 Rad8 19. Rc2 Be5 20. Rd2 Bxd6 21.
Rxd6 Qxa2 22. Bxc6 Rxd6 23. Qxd6 bxc6 24. Qxh6 Qxb3 25. Nh5 Bxh5 26. Qxh5 Rf8 27. Qg6+ Kh8 28. Ra1 Qb7 29. h4 Qe7 30. e3 Rf6 31. Rxa7 Rxg6 32.
Rxe7 Rd6 33. Re5 1-0

[Event "*** Titled Tuesday Blitz"]
[Site "Chess.com"]
[Date "2020.11.10"]
[Round "8"]
[White "ChessWarrior7197"]
[Black "vugarrasulov"]
[Result "0-1"]
[WhiteElo "2996"]
[BlackElo "2894"]
[TimeControl "180+1"]
[EndTime "11:32:27 PST"]
[Termination "vugarrasulov won by resignation"]

1. d4 c5 2. Nf3 cxd4 3. Nxd4 Nc6 4. c4 g6 5. e4 Nf6 6. Nc3 d6 7. f3 Nxd4 8. Qxd4 Bg7 9. Be3 O-O 10. Qd2 Be6 11.
Be2 Qa5 12. Rc1 Rfc8 13. b3 a6 14. Na4 Qxd2+ 15. Kxd2 Nd7 16. g4 f5 17. exf5 gxf5 18. h3 Rf8 19. f4 Rac8 20. Nc3 Nc5 21. Bf3 b5 22. cxb5 Bxc3+ 23. Rxc3 axb5 24. Rhc1 b4 25. R1c2 bxc3+ 26. Rxc3 fxg4 27. hxg4 Bxg4 28. Bxg4 Ne4+ 29. Kd3 Rxc3+ 30. Kxe4 Kf7 31. Bh5+ Kg8 32. Bg4 Ra8 33. a4 Rb8 34. Be6+ Kf8 35. a5 Rb4+ 36. Bd4 Rc1 37. a6 Re1+ 38. Kd3 Rxe6 39. Kc3 Rb8 40. a7 Rc8+ 41. Kd3 Ke8 42. b4 Kd7 43. b5 Re1 44. b6 Kc6 45. Bf2 Rb1 46. Ke4 Rxb6 47. Bxb6 Kxb6 48.
Kd5 Kxa7 49. Ke6 Rc7 50. f5 Kb6 51. f6 exf6 0-1

[Event "*** Titled Tuesday Blitz"]
[Site "Chess.com"]
[Date "2020.11.10"]
[Round "8"]
[White "MartinMatthiesen"]
[Black "juli2512"]
[Result "1-0"]
[WhiteElo "2415"]
[BlackElo "2098"]
[TimeControl "180+1"]
[EndTime "11:32:27 PST"]
[Termination "MartinMatthiesen won on time"]

1. d4 f5 2. g3 Nf6 3. Bg2 g6 4. Nf3 Bg7 5. O-O O-O 6. b3 d6 7.
Bb2 Ne4 8. Nbd2 e6 9. Ne1 d5 10. Nd3 Nd7 11. Nf3 b6 12. Nfe5 Bb7 13. Rc1 Rc8 14. c4 c5 15. dxc5 bxc5 16. Nxd7 Qxd7 17. Bxg7 Qxg7 18. cxd5 Bxd5 19. Bxe4 Bxe4 20. Nxc5 Bd5 21. Qd2 f4 22. e4 Qh6 23. exd5 Qh3 24. f3 fxg3 25.
Qg2 Qh6 26. dxe6 Qe3+ 27. Kh1 1-0

[Event "*** Titled Tuesday Blitz"]
[Site "Chess.com"]
[Date "2020.11.10"]
[Round "8"]
[White "thedjoker98"]
[Black "GM_Crest"]
[Result "1/2-1/2"]
[WhiteElo "2584"]
[BlackElo "2718"]
[TimeControl "180+1"]
[EndTime "11:32:32 PST"]
[Termination "Game drawn by repetition"]

1. d4 d5 2. c4 dxc4 3. Nf3 a6 4.
e3 e6 5. Bxc4 c5 6. O-O Nf6 7.
a3 b5 8. Be2 Bb7 9. dxc5 Qxd1 10.
Rxd1 Bxc5 11. b4 Be7 12. Bb2 Nbd7 13. Nbd2 O-O 14. Nb3 Rac8 15. Rac1 Bd5 16. Nfd4 Nb6 17. Na5 Rfe8 18. f3 Bf8 19. e4 Ba8 20. Kf2 Nfd7 21. Ba1 Rxc1 22. Rxc1 Bd6 23. g3 Rc8 24. Rxc8+ Nxc8 25. Ndc6 Ne7 26. Nxe7+ Bxe7 27. e5 Bd8 28. Nb3 Bb6+ 29.
Ke1 Bd5 30. Nd2 g5 31. Bd3 Be3 32. Ke2 Bxd2 33. Kxd2 Bxf3 34. a4 Bc6 35. a5 Kg7 36. Ke3 Bd5 37. Bd4 Nb8 38. h4 gxh4 39. gxh4 Nc6 40.
Bc3 h6 41. Kf4 Ne7 42. Bd4 Nc6 43. Bc3 Bg2 44. Kg3 Bd5 45. Kf4 1/2-1/2

[Event "*** Titled Tuesday Blitz"]
[Site "Chess.com"]
[Date "2020.11.10"]
[Round "8"]
[White "Savagelittlemole"]
[Black "Flopezin"]
[Result "1-0"]
[WhiteElo "2573"]
[BlackElo "2404"]
[TimeControl "180+1"]
[EndTime "11:32:34 PST"]
[Termination "Savagelittlemole won by resignation"]

1. e4 e5 2. Nf3 Nc6 3. Bb5 a6 4. Ba4 Nf6 5. O-O Bc5 6. c3 b5 7. Bc2 d6 8. d4 Ba7 9. h3 Bb7 10.
Re1 O-O 11. Be3 exd4 12. cxd4 Nb4 13. Nbd2 Nxc2 14. Qxc2 Re8 15. Bg5 c5 16. e5 h6 17.
Bh4 dxe5 18. dxe5 g5 19. exf6 gxh4 20. Qf5 Kh8 21. Rxe8+ Qxe8 22. Re1 Qg8 23. Re7 Bc8 24. Qf4 Kh7 25. Ne5 Be6 26. Qe4+ Kh8 27. Rxe6 Rd8 28.
Ndf3 Bb8 29. Re7 Bd6 30. Nxf7+ 1-0

[Event "*** Titled Tuesday Blitz"]
[Site "Chess.com"]
[Date "2020.11.10"]
[Round "8"]
[White "AsaHoffmann"]
[Black "NotFischer"]
[Result "1-0"]
[WhiteElo "2386"]
[BlackElo "2255"]
[TimeControl "180+1"]
[EndTime "11:32:35 PST"]
[Termination "AsaHoffmann won on time"]

1. d4 Nf6 2. Bg5 d5 3. Nd2 Qd6 4. e3 Bf5 5. Ngf3 Nbd7 6. c4 e6 7. c5 Qe7 8. Qb3 O-O-O 9. c6 Nb6 10. cxb7+ Kb8 11. a4 Qb4 12. a5 Qxb3 13. Nxb3 Nc4 14.
Bxc4 dxc4 15. Nbd2 Kxb7 16. Ne5 Bg6 17. Ndxc4 Bb4+ 18.
Ke2 c5 19. a6+ Kc7 20. f3 cxd4 21. exd4 Rc8 22. Rhc1 Kb8 23. Bf4 Ka8 24. Nxg6 hxg6 25. Ne3 Nh5 26. Bg3 Nxg3+ 27. hxg3 Rxc1 28. Rxc1 Kb8 29. Ng4 Rd8 30. Ke3 Rd6 31. Ne5 Ba5 32. Nc6+ 1-0

[Event "*** Titled Tuesday Blitz"]
[Site "Chess.com"]
[Date "2020.11.10"]
[Round "8"]
[White "kidagent"]
[Black "IngOscarArdila"]
[Result "1-0"]
[WhiteElo "2297"]
[BlackElo "2129"]
[TimeControl "180+1"]
[EndTime "11:32:37 PST"]
[Termination "kidagent won on time"]

1. e4 e5 2. Nf3 Nc6 3. Bb5 a6 4. Ba4 Nf6 5. O-O b5 6. Bb3 Be7 7. Re1 O-O 8. a4 Rb8 9. c3 d6 10. axb5 axb5 11. h3 Bb7 12. d4 Ra8 13. Rxa8 Qxa8 14.
Nbd2 exd4 15. cxd4 Na5 16. Bc2 Nc4 17. Nxc4 bxc4 18.
Nd2 Re8 19. f3 Ba6 20. e5 dxe5 21. dxe5 Bc5+ 22. Kh1 Nh5 23. Kh2 Bf2 24. Re4 Ng3 25. Rg4 Rxe5 26. Rxg3 Bxg3+ 27. Kxg3 Qe8 28. Ne4 f5 29.
Nc3 Bb7 30. Bf4 Re1 31. Qd4 h6 32. Bxf5 Qf8 33. Qxc4+ Kh8 34. Be4 Bxe4 35. Nxe4 Qf5 36. Qxc7 Qg6+ 37. Kf2 Rb1 38. Be5 Kh7 39. Nf6+ Kh8 40.
Qd8+ 1-0

[Event "*** Titled Tuesday Blitz"]
[Site "Chess.com"]
[Date "2020.11.10"]
[Round "8"]
[White "AliKa2810"]
[Black "kasparicy"]
[Result "1-0"]
[WhiteElo "2570"]
[BlackElo "2397"]
[TimeControl "180+1"]
[EndTime "11:32:38 PST"]
[Termination "AliKa2810 won by resignation"]

1. d4 Nf6 2. c4 g6 3. Nc3 d5 4. Bg5 Bg7 5. Bxf6 Bxf6 6. cxd5 c6 7. e4 O-O 8. e5 Bg7 9. Bc4 cxd5 10. Bxd5 Qa5 11.
Ne2 Rd8 12. Qb3 e6 13. Bxb7 Bxb7 14. Qxb7 Na6 15. Qb5 Qxb5 16. Nxb5 Rab8 17. a4 Nb4 18. O-O a6 19. Nd6 Bf8 20. Nc4 Nd3 21. Rab1 Rdc8 22.
b3 Rd8 23. Rfd1 Nb4 24. f4 Rbc8 25. Kf2 Rd5 26. Kf3 Rcd8 27. Nb6 Ra5 28. g4 Rb8 29. Nd7 Rd8 30. Nf6+ Kg7 31. f5 Be7 32. Ne4 gxf5 33.
gxf5 exf5 34. N4g3 Kf8 35. Nxf5 Bg5 36. Rg1 h6 37. h4 1-0

[Event "*** Titled Tuesday Blitz"]
[Site "Chess.com"]
[Date "2020.11.10"]
[Round "8"]
[White "Nuvas"]
[Black "jacky72"]
[Result "0-1"]
[WhiteElo "2347"]
[BlackElo "2537"]
[TimeControl "180+1"]
[EndTime "11:32:40 PST"]
[Termination "jacky72 won by resignation"]

1. d4 Nf6 2. c4 g6 3. g3 Bg7 4. Bg2 O-O 5. Nc3 d6 6. Nf3 Nc6 7. O-O e5 8. dxe5 dxe5 9. Bg5 Be6 10. Qa4 Qc8 11. Rfd1 Bh3 12. Bxf6 Bxf6 13. Bh1 Bg7 14. Nd5 Re8 15. Nd2 Nd4 16. Re1 c6 17. Nc3 Qf5 18. e3 Ne6 19. Nde4 Qh5 20. Qd1 Bg4 21. f3 Bh3 22.
Nf2 Rad8 23. Qe2 Nd4 24. exd4 exd4 25. Qxe8+ Rxe8 26. Rxe8+ Bf8 27. Nce4 Kg7 28. Nd3 Qa5 29. g4 h5 30. Nef2 hxg4 31. fxg4 Bxg4 32. Nxg4 Qg5 33.
h3 f5 34. Rf1 Bd6 35. Ne5 Bxe5 36. Rxe5 Qh4 37. Rfe1 fxg4 38. hxg4 Qxg4+ 39. Bg2 d3 40. Re7+ Kh6 41. Re8 d2 42. Rf1 d1=R 43. Rxd1 Qxd1+ 44. Kh2 Qd6+ 45. Kh3 0-1

[Event "*** Titled Tuesday Blitz"]
[Site "Chess.com"]
[Date "2020.11.10"]
[Round "8"]
[White "PSvidler"]
[Black "maciek_92"]
[Result "0-1"]
[WhiteElo "2866"]
[BlackElo "2782"]
[TimeControl "180+1"]
[EndTime "11:32:41 PST"]
[Termination "maciek_92 won by resignation"]

1. e4 c5 2. Nf3 d6 3. d4 cxd4 4. Nxd4 Nf6 5. Nc3 a6 6. Be3 e5 7. Nb3 Be7 8. f3 Be6 9. Qd2 Nbd7 10. g4 b5 11. O-O-O O-O 12. Rg1 b4 13. Nd5 Bxd5 14.
exd5 a5 15. g5 Ne8 16. Kb1 Nc7 17. f4 a4 18. Nc1 exf4 19. Bxf4 Ra5 20. Bg2 Nc5 21.
Qxb4 Qa8 22. Nd3 Rb8 23. Qc4 Nb5 24. Ka1 Nb3+ 25. cxb3 axb3 26. Qxb3 Nd4 27. Qxb8+ Qxb8 28. Nc1 Nc2+ 29. Kb1 Na3+ 30. Ka1 Nc4 31. Nd3 Qa7 32. Rc1 Rxa2+ 33. Kb1 Qa4 0-1

[Event "*** Titled Tuesday Blitz"]
[Site "Chess.com"]
[Date "2020.11.10"]
[Round "8"]
[White "Flutaga"]
[Black "Javylavilla"]
[Result "0-1"]
[WhiteElo "2013"]
[BlackElo "2258"]
[TimeControl "180+1"]
[EndTime "11:32:41 PST"]
[Termination "Javylavilla won on time"]

1. e3 Nf6 2. b3 g6 3. Bb2 Bg7 4.
f4 O-O 5. Nf3 d6 6. Be2 c5 7. O-O Nc6 8. Nc3 a6 9. Qe1 b5 10. Rb1 b4 11. Nd1 a5 12. a4 bxa3 13.
Bxa3 a4 14. bxa4 Rxa4 15. Bb2 Ra8 16. Nf2 Bf5 17. d3 Ra2 18. e4 Bd7 19. e5 Nd5 20.
Bc1 Rxc2 21. Ne4 Bf5 22. Ng3 Bg4 23. Ba3 Nc3 24. Rb2 Nxe2+ 25. Nxe2 Rxb2 26. Bxb2 dxe5 27. Nxe5 Nxe5 28. fxe5 Qxd3 29. Nf4 Qc2 30. Rf2 Qb3 31. h3 Bd7 32. Qa5 c4 33. Qc7 Bf5 34. Nd5 Qd1+ 35. Kh2 Qxd5 36. Qxe7 Rb8 37. Bc3 Rb3 38. Ba1 Be6 39.
Qe8+ Bf8 0-1

[Event "*** Titled Tuesday Blitz"]
[Site "Chess.com"]
[Date "2020.11.10"]
[Round "8"]
[White "Happy1712Drummer"]
[Black "Fandorine"]
[Result "0-1"]
[WhiteElo "2238"]
[BlackElo "2837"]
[TimeControl "180+1"]
[EndTime "11:32:42 PST"]
[Termination "Fandorine won on time"]

1. d4 Nf6 2. Nf3 g6 3. c3 Bg7 4. Bg5 O-O 5. Nbd2 d5 6. Bxf6 Bxf6 7. e4 c6 8. Bd3 dxe4 9. Nxe4 Bg7 10. O-O Nd7 11.
Re1 Nf6 12. Neg5 Nd5 13. Ne5 e6 14. Ngf3 a5 15. a4 Qc7 16. h4 Nf6 17. Ng5 c5 18.
Qf3 cxd4 19. cxd4 Qe7 20. h5 Nxh5 21. Nxh7 Rd8 22. Nxg6 fxg6 23. Bxg6 Nf6 24. Ng5 Ra6 25. Bf7+ Kf8 26. d5 Rxd5 27. Bxe6 Bxe6 28. Nh7+ Kg8 29.
Nxf6+ Qxf6 0-1

[Event "*** Titled Tuesday Blitz"]
[Site "Chess.com"]
[Date "2020.11.10"]
[Round "8"]
[White "ShapkinAnatoliy"]
[Black "GigaQuparadze"]
[Result "1-0"]
[WhiteElo "2643"]
[BlackElo "2735"]
[TimeControl "180+1"]
[EndTime "11:32:44 PST"]
[Termination "ShapkinAnatoliy won by resignation"]

1. d4 Nf6 2. c4 e6 3. g3 c5 4. d5 b5 5. dxe6 fxe6 6. Bg2 d5 7. cxd5 exd5 8. Bg5 Bb7 9. Nh3 Be7 10. Nf4 Nbd7 11. Nc3 Qa5 12. O-O O-O-O 13. Ne6 Rdg8 14. Bxf6 Nxf6 15.
Nxd5 Nxd5 16. Bxd5 Qb6 17. Rc1 c4 18. b3 Ba3 19. Rc2 Qd6 20. bxc4 Kb8 21. Bxb7 Kxb7 22. Qxd6 Bxd6 23. cxb5 Rc8 24. Rfc1 Rce8 25. Nxg7 Re5 26.
Rd1 Rd8 27. Rcd2 Kc7 28. a4 Rd7 29. Kg2 Rxg7 30. Rxd6 Rxe2 31. a5 Re5 32. b6+ axb6 33. axb6+ Kc8 34. Rd8+ Kb7 35. R1d7+ Rxd7 36. Rxd7+ Kxb6 37. Rxh7 Kc6 38. Rf7 Kd6 39. Rf4 Ke6 40. h4 Rh5 41. Kh3 Ra5 42. g4 Ra3+ 43. f3 Ke5 44. Rf5+ Ke6 45. h5 Ra1 46. Kh4 1-0

[Event "*** Titled Tuesday Blitz"]
[Site "Chess.com"]
[Date "2020.11.10"]
[Round "8"]
[White "Zarikovs1999"]
[Black "Lion-Al-Messi"]
[Result "0-1"]
[WhiteElo "2371"]
[BlackElo "2543"]
[TimeControl "180+1"]
[EndTime "11:32:44 PST"]
[Termination "Lion-Al-Messi won on time"]

1. e4 e6 2. d4 d5 3. Nc3 Nf6 4. e5 Nfd7 5. f4 c5 6. Nf3 Nc6 7. Be3 a6 8. Qd2 b5 9. dxc5 Bxc5 10. Nd4 Qb6 11. Nce2 Bb7 12. c3 b4 13. g3 bxc3 14. bxc3 Na5 15. Nc2 Nc4 16. Bxc5 Nxc5 17. Qd4 Qb2 18.
Qxc5 Qxc2 19. Bh3 Rc8 20. Qd4 O-O 21. Bg4 Nb2 22. O-O Rc4 23. Qb6 Ba8 24. Rac1 Na4 25.
Rxc2 Nxb6 26. Rb1 Na4 27. Rb4 Rfc8 28. Rxc4 Rxc4 29. Kf2 g6 30. Ke3 Re4+ 31. Kd2 Nb6 32. Bf3 Nc4+ 33. Ke1 Re3 34. Bg2 d4 35. Bxa8 d3 36.
Rd2 Nxd2 37. Kxd2 Rxe2+ 38. Kxd3 Rxa2 39. c4 Rxh2 40. c5 Rh3 41. c6 Rxg3+ 42. Kd4 Rg1 43. Kc5 Rc1+ 44. Kd6 a5 45. c7 Rxc7 46. Kxc7 a4 0-1

[Event "*** Titled Tuesday Blitz"]
[Site "Chess.com"]
[Date "2020.11.10"]
[Round "8"]
[White "narutosmith"]
[Black "geordie_derraugh"]
[Result "0-1"]
[WhiteElo "2304"]
[BlackElo "2468"]
[TimeControl "180+1"]
[EndTime "11:32:44 PST"]
[Termination "geordie_derraugh won on time"]

1. d4 Nf6 2. Bf4 e6 3. e3 d5 4. Nf3 Bd6 5. Nbd2 Bxf4 6. exf4 Qd6 7. g3 O-O 8. Bd3 c5 9. c3 Nc6 10. Rc1 Bd7 11. O-O Rac8 12. dxc5 Qxc5 13. c4 Qb6 14. cxd5 Nxd5 15. Nc4 Qb4 16. a3 Qe7 17. Re1 Qf6 18. Ng5 g6 19. Nd6 Rb8 20. Qd2 h6 21.
Nge4 Qg7 22. Nc5 Rfd8 23. Ndxb7 Rxb7 24. Nxb7 Rb8 25. Nc5 Rxb2 26. Rc2 Nd4 27. Kg2 Nxc2 28.
Bxc2 Bc6 29. Kg1 Qf8 30. Nd3 Ra2 31. Ne5 Ba4 32. Rc1 Qxa3 33. Qd3 Qxc1+ 0-1